 Dungeon Crawl Stone Soup version 0.31-a0-204-g7da18cac08 (webtiles) character file.

Game seed: 13793766565826811270

388 qw the Skirmisher (level 6, 0/35 HPs)
             Began as a Deep Elf Hunter on June 27, 2023.
             Was an Initiate of Okawaru.
             Slain by a goblin
             ... wielding a +0 dagger
             ... led by Robin
              (2 damage)
             ... on level 4 of the Dungeon.
             The game lasted 00:01:03 (2989 turns).

qw the Skirmisher (Deep Elf Hunter)                 Turns: 2989, Time: 00:01:04

Health: 0/35       AC:  5    Str:  8 (10) XL:     6   Next: 49%
Magic:  8/8        EV: 10    Int: 13 (14) God:    Okawaru [......]
Gold:   99         SH:  0    Dex: 18      Spells: 5/5 levels left

rFire   . . .        Y - +1 orcbow
rCold   . . .        (shield currently unavailable)
rNeg    + . .        h - +0 ring mail
rPois   .            (no helmet)
rElec   .            (no cloak)
rCorr   .            (no gloves)
SInv    .            (no boots)
Will    .....        (no amulet)
Stlth   +            j - ring of positive energy
HPRegen 0.25/turn    (no ring)
MPRegen 0.11/turn

%: no passive effects
@: no status effects
A: no striking features
a: Renounce Religion


You were on level 4 of the Dungeon.
You worshipped Okawaru.
Okawaru was noncommittal.
You visited 1 branch of the dungeon, and saw 4 of its levels.

You collected 230 gold pieces.
You spent 131 gold pieces at shops.


   Skills:
 - Level 2.3 Fighting
 - Level 10.0 Ranged Weapons
 + Level 2.4 Dodging
 - Level 1.2 Stealth


You had 5 spell levels left.
You didn't know any spells.
Your spell library was empty.

Inventory:

Hand Weapons
 Y - a +1 orcbow (weapon)
Armour
 b - a +0 cloak
 h - a +0 ring mail (worn)
Jewellery
 a - a +5 ring of evasion
 j - a ring of positive energy (left hand)
Scrolls
 d - a scroll of fear {unknown}
 i - 3 scrolls of identify
Potions
 c - a potion of haste
 e - a potion of resistance {unknown}
 f - 2 potions of curing
 g - a potion of enlightenment {unknown}
 k - a potion of cancellation {unknown}
 m - a potion of brilliance {unknown}
 q - a potion of ambrosia {unknown}

Dungeon Overview and Level Annotations

Branches:
Dungeon (4/15)             Temple (0/1) D:4

Altars:
Gozag
Okawaru
Uskayaw

Shops:
D:3 *

Annotations:
D:4 Eustachio


Message History

You feel much better. The hobgoblin closely misses you.
The goblin hits you with a +0 dagger. The goblin barely misses you.
The hobgoblin hits you but does no damage.
The hobgoblin barely misses you.
Robin says, "Bow before me, strongest of all the hobgoblins!"
Robin closely misses you.
You shoot an arrow. The arrow barely misses Robin.
Eustachio shouts!
The arrow hits the goblin.
The goblin is severely wounded.
The hobgoblin misses you. The hobgoblin hits you. The goblin barely misses you.
The goblin hits you with a +0 club. The hobgoblin hits you.
Robin throws the goblin at you!
You shoot an arrow. The arrow hits Robin!
You kill Robin!
Okawaru accepts your kill.
Eustachio mumbles some strange words.
The goblin hits you but does no damage. The hobgoblin barely misses you.
The goblin hits you with a +0 club. The hobgoblin hits you. x2
The goblin closely misses you.
You feel your dexterity returning.
You shoot an arrow. The arrow hits the goblin.
You kill the goblin!
Okawaru accepts your kill.
Eustachio mumbles some strange words.
The hobgoblin hits you. x2; The goblin barely misses you. x2
The hobgoblin closely misses you. The bat barely misses you.
You shoot an arrow. The arrow hits the hobgoblin!
You kill the hobgoblin!
Okawaru accepts your kill. The bat hits you but does no damage.
The hobgoblin hits you. The goblin barely misses you.
The goblin hits you but does no damage. The hobgoblin barely misses you.
Your Ranged Weapons skill increases to level 10!
You shoot an arrow. The arrow barely misses the goblin.
The bat hits you. The hobgoblin hits you. The goblin misses you.
The goblin barely misses you. The hobgoblin barely misses you.
The goblin hits you with a +0 dagger.
You die...

..............#.##
##.#..##
#.#..####....##+#
####..# #.##..#
#..# ##.# .....##
#....### ####..#
.#.... ).....#.
##.#..## .
##...#..# #...
#....## # ....
#...## ##..##
#...#.##..g)###...#
.. ......g@g#..###
..>..brg%..##
#.##.@...###
..r......
#..b.....##
..%......#
.........#
..).......
........#


You could see Eustachio, a river rat (summoned), a quokka (summoned), 2
hobgoblins, 2 goblins and 2 bats.

Vanquished Creatures
  An ogre (D:3)
  A phantom (D:4)
  An orc priest (D:3)
  Robin (D:4)
  3 gnolls (D:3)
  7 adders
  2 worms (D:3)
  4 dart slugs
  7 orcs (D:3)
  3 bats
  9 endoplasms
  2 giant cockroaches
  11 goblins
  10 hobgoblins
  3 jackals (D:3)
  3 kobolds
  A quokka (D:2)
  3 ball pythons
  2 frilled lizards (D:3)
  4 rats
78 creatures vanquished.

Notes
Turn   | Place    | Note
-------+----------+-------------------------------------------
     0 | D:1      | qw the Deep Elf Hunter began the quest for the Orb.
     0 | D:1      | Reached XP level 1. HP: 12/12 MP: 3/3
     0 | D:1      | 0 ||| qw: Version: 0.3-a-22-g0ed2b0b
     0 | D:1      | 0 ||| qw: Game counter: 6415
     0 | D:1      | 0 ||| qw: Melee chars always use a shield: true
     0 | D:1      | 0 ||| qw: God list: Okawaru
     0 | D:1      | 0 ||| qw: Allow faded altars: false
     0 | D:1      | 0 ||| qw: Do Orc after clearing Dungeon:15 true
     0 | D:1      | 0 ||| qw: Do second Lair branch before Depths: true
     0 | D:1      | 0 ||| qw: Lair rune preference: random
     0 | D:1      | 0 ||| qw: Goals: Normal
     0 | D:1      | 0 ||| PLANNING D:1-11
    14 | D:1      | Found a faded altar of an unknown god.
   641 | D:1      | 641 ||| UPGRADING to +0 ring mail.
   651 | D:1      | 651 ||| DROPPING +0 leather armour.
   652 | D:1      | 652 ||| READING scroll labelled ANWOUXOHAI.
   653 | D:1      | 653 ||| READING scroll labelled ADAKLUSCH CYTT.
   654 | D:1      | 654 ||| READING scroll labelled AWAIVONYCS.
   655 | D:1      | 655 ||| DROPPING scroll of butterflies.
   721 | D:2      | Reached skill level 6 in Ranged Weapons
   721 | D:2      | Reached XP level 2. HP: 16/16 MP: 4/4
   896 | D:2      | Reached XP level 3. HP: 20/20 MP: 5/5
   954 | D:2      | Reached skill level 7 in Ranged Weapons
  1127 | D:2      | 1127 ||| SWAPPING to +0 orcbow.
  1130 | D:2      | 1130 ||| FLEEEEING.
  1143 | D:2      | 1143 ||| DROPPING +0 shortbow.
  1603 | D:2      | 1603 ||| UPGRADING to ring of positive energy.
  1604 | D:2      | 1604 ||| READING scroll labelled TOWKOO JIDOEWU.
  1605 | D:2      | 1605 ||| DRINKING 2 fuming clear potions.
  1723 | D:3      | Reached XP level 4. HP: 25/25 MP: 6/6
  1870 | D:3      | Noticed an ogre
  1873 | D:3      | Killed an ogre
  1874 | D:3      | Reached skill level 8 in Ranged Weapons
  1874 | D:3      | Reached XP level 5. HP: 29/29 MP: 7/7
  1889 | D:3      | Reached skill level 9 in Ranged Weapons
  2026 | D:3      | Found an opulent altar of Gozag.
  2115 | D:3      | Found Ygogautwe's Assorted Antiques.
  2123 | D:3      | 2123 ||| BUYING lumpy grey potion (25 gold).
  2123 | D:3      | Bought a lumpy grey potion for 25 gold pieces
  2123 | D:3      | 2123 ||| BUYING lumpy grey potion (25 gold).
  2123 | D:3      | Bought a lumpy grey potion for 25 gold pieces
  2123 | D:3      | 2123 ||| BUYING sapphire potion (25 gold).
  2123 | D:3      | Bought a sapphire potion for 25 gold pieces
  2123 | D:3      | 2123 ||| BUYING scroll labelled GOEGOE ULORUZ (28 gold).
  2123 | D:3      | Bought a scroll labelled GOEGOE ULORUZ for 28 gold pieces
  2123 | D:3      | 2123 ||| BUYING scroll labelled VANNE FADA (28 gold).
  2123 | D:3      | Bought a scroll labelled VANNE FADA for 28 gold pieces
  2223 | D:3      | Reached XP level 6. HP: 35/35 MP: 8/8
  2335 | D:3      | Found a hide-covered altar of Uskayaw.
  2335 | D:3      | Found an iron altar of Okawaru.
  2336 | D:3      | 2336 ||| PLANNING OKAWARU WORSHIP
  2476 | D:3      | 2476 ||| READING scroll labelled GOEGOE ULORUZ.
  2477 | D:3      | 2477 ||| READING scroll labelled VANNE FADA.
  2578 | D:3      | 2578 ||| READING scroll labelled QOYNWIF SOORPH.
  2583 | D:3      | 2583 ||| DRINKING 3 lumpy grey potions.
  2584 | D:3      | 2584 ||| DRINKING 2 emerald potions.
  2585 | D:3      | 2585 ||| DRINKING 2 sapphire potions.
  2586 | D:3      | 2586 ||| READING 3 scrolls of identify.
  2586 | D:3      | 2586 ||| IDENTIFYING golden potion
  2587 | D:3      | 2587 ||| READING 2 scrolls of identify.
  2587 | D:3      | 2587 ||| IDENTIFYING glowing silvery potion
  2588 | D:3      | 2588 ||| DROPPING potion of invisibility.
  2589 | D:3      | 2589 ||| DROPPING 2 potions of attraction.
  2590 | D:3      | 2590 ||| DROPPING potion of degeneration.
  2648 | D:3      | Became a worshipper of Warmaster Okawaru
  2649 | D:3      | 2649 ||| PLANNING D:1-11
  2737 | D:4      | Found a staircase to the Ecumenical Temple.
  2971 | D:4      | Noticed Robin
  2983 | D:4      | HP: 8/35 [hobgoblin[Robin] (3)]
  2983 | D:4      | Noticed Eustachio
  2984 | D:4      | 2984 ||| DRINKING potion of heal wounds.
  2986 | D:4      | Killed Robin
  2988 | D:4      | HP: 8/35 [hobgoblin[Robin] (2)]
  2989 | D:4      | Reached skill level 10 in Ranged Weapons
  2989 | D:4      | HP: 2/35 [hobgoblin[Robin] (5)]
  2989 | D:4      | Slain by a goblin

Levels and vault maps discovered:
D:1:      tarquinn_simple_flora_water_b, layout_basic, basic_ecumenical_altar
D:2:      wad_river_or_something, layout_basic
D:3:      layout_loops_ring, mainiacjoe_overflow_divided_tiny,
          mainiacjoe_overflow_alcove_1, serial_shops, shop
D:4:      layout_cave_pools, minmay_temple_entry_wispy,
          minmay_fractal_squares_gapless_5, uniq_eustachio, uniq_robin,
          uniq_duvessa

Skill      XL: |  1  2  3  4  5  6 |
---------------+-------------------+-----
Ranged Weapons | 6 7 8 9 10 | 10.0
Fighting       | 2 |  2.3
Dodging        | |  2.4
Stealth        | |  1.2

Action                     |  1- 3 |  4- 6 || total
---------------------------+-------+-------++-------
   Fire: Shortbow          |    66 |       ||    66
         Orcbow            |    24 |   131 ||   155
    Use: Scroll            |     4 |     5 ||     9
         Potion            |     1 |     4 ||     5
 Armour: Ring mail         |    13 |    30 ||    43
  Dodge: Dodged            |    20 |    41 ||    61

Table legend:
 A = Non-vault XP
 B = Vault XP
 C = Vault XP percentage of total XP
 D = Non-vault monster count
 E = Vault monster count
 F = Vault count percentage of total count
                 A         B        C        D         E       F
            +---------+---------+-------+---------+---------+-------
      Total |     494 |      61 |  11.0 |      61 |      17 |  21.8
            +---------+---------+-------+---------+---------+-------
        D:1 |       8 |       0 |   0.0 |       4 |       0 |   0.0
        D:2 |      54 |      32 |  37.2 |      16 |       9 |  36.0
        D:3 |     294 |       0 |   0.0 |      30 |       0 |   0.0
        D:4 |     138 |      29 |  17.4 |      11 |       8 |  42.1
            +---------+---------+-------+---------+---------+-------
